Map: Abyssal Reef LE

Players

Yata - Winner!

  • Race: Zerg Zerg
  • League: Platinum
  • Spawn Location: 5:00

Trollgar

  • Race: Protoss Protoss
  • League: Diamond
  • Spawn Location: 11:00

VOD

Have the link to the VOD?

Description

Time

  • Played on: Sept. 28, 2017, 8:57 p.m.
  • Length: 22:17
Show
View Real Time Build Order
Export as new Build Order

Yata Zerg - Winner!

Build Orders: Hatch First 

Get SALT Encoding   

  12  0:01  Drone  
  13  0:13  Overlord  
  13  0:17  Drone  
  14  0:31  Drone x2  
  14  0:35  Drone  
  17  0:56  Hatchery, Drone  
  17  1:02  Drone  
  18  1:10  Extractor  
  17  1:22  Spawning Pool  
  17  1:23  Drone  
  17  1:24  Drone  
  18  1:29  Drone  
  19  1:46  Drone  
  20  2:13  Drone x3  
  20  2:14  Drone  
  24  2:19  Metabolic Boost  
  24  2:21  Queen x2  
  28  2:23  Overlord  
  28  2:41  Zergling x4  
  30  2:45  Drone x2  
  32  2:53  Drone x2  
  32  2:57  Overlord  
  34  3:13  Evolution Chamber  
  34  3:15  Baneling Nest  
  34  3:17  Drone x3  
  36  3:20  Drone  
  36  3:27  Zergling x2  
  37  3:37  Drone x6  
  37  3:38  Drone  
  44  3:46  Spore Crawler  
  43  3:48  Zerg Melee Weapons Level 1, Spore Crawler  
  43  3:51  Overlord  
  43  3:52  Overlord x2  
  42  4:02  Pneumatized Carapace  
  42  4:05  Extractor  
  42  4:08  Drone  
  42  4:09  Drone  
  43  4:11  Hatchery, Drone  
  43  4:24  Zergling x2  
  43  4:25  Zergling x8  
  43  4:26  Zergling x2  
  49  4:42  Zergling x2  
  49  4:43  Zergling x8  
  49  4:45  Queen  
  55  4:47  Baneling  
  55  4:48  Baneling x5  
  55  4:53  Zergling x2  
  55  4:54  Zergling x12  
  55  4:58  Lair  
  62  5:01  Extractor, Drone x2  
  63  5:11  Overlord x2  
  63  5:28  Queen  
  63  5:31  Queen  
  67  5:56  Drone x6  
  67  5:57  Drone x9  
  77  6:00  Zergling x4  
  79  6:08  Hydralisk Den  
  79  6:09  Drone  
  79  6:20  Zerg Missile Weapons Level 1  
  79  6:24  Drone, Evolution Chamber  
  79  6:36  Drone x2  
  79  6:37  Overlord x3  
  79  6:38  Overlord  
  81  6:47  Overseer  
  81  6:57  Muscular Augments, Hydralisk x3  
  81  6:58  Hydralisk x3  
  93  7:03  Zergling x2  
  93  7:04  Zergling x18  
  103  7:13  Hydralisk x2  
  107  7:17  Queen  
  107  7:18  Queen  
  107  7:19  Queen  
  107  7:20  Overlord  
  113  7:32  Extractor  
  113  7:35  Zerg Ground Armor Level 1  
  111  7:45  Zergling x2  
  111  7:46  Zergling x22  
  114  7:55  Drone x3  
  117  8:07  Hydralisk  
  117  8:08  Hydralisk  
  117  8:11  Overlord x5  
  121  8:23  Hatchery  
  120  8:30  Hydralisk  
  120  8:31  Hydralisk x6  
  134  8:44  Hydralisk x3  
  134  8:45  Hydralisk  
  134  8:48  Zergling x4  
  144  9:10  Zergling x16  
  152  9:22  Infestation Pit, Zerg Melee Weapons Level 2  
  133  9:51  Zergling x10  
  133  9:52  Zergling x26  
  135  9:56  Overseer x2  
  135  9:57  Queen x2  
  135  9:59  Overlord x3  
  139  10:08  Zergling x14  
  146  10:15  Drone x3  
  138  10:35  Zergling x18  
  129  10:44  Zergling x2  
  129  10:45  Zergling x12  
  132  10:55  Zergling x10  
  137  11:08  Zergling x2  
  137  11:09  Zergling x8  
  142  11:16  Hive  
  134  11:30  Queen  
  134  11:31  Hydralisk  
  134  11:32  Hydralisk x9  
  156  11:42  Zerg Missile Weapons Level 2, Zerg Ground Armor Level 2  
  156  11:46  Hydralisk x8  
  168  11:47  Hydralisk  
  141  12:02  Zergling x2  
  141  12:03  Zergling x16  
  144  12:12  Zergling x12  
  130  12:37  Drone x10  
  136  12:50  Extractor x2  
  136  12:51  Hydralisk x3  
  134  12:52  Hydralisk x5  
  134  12:57  Overlord x2  
  150  13:00  Zergling x2  
  150  13:05  Baneling x6  
  151  13:06  Baneling x4  
  151  13:19  Drone x4  
  155  13:20  Drone x2  
  155  13:22  Zergling x2  
  155  13:23  Zergling x16  
  166  13:31  Zergling x2  
  167  13:36  Overlord x4  
  167  13:38  Overlord x5  
  167  13:47  Overlord x5  
  167  13:48  Overlord  
  167  13:57  Zergling x8  
  167  13:58  Zerg Melee Weapons Level 3  
  171  14:04  Zerg Missile Weapons Level 3  
  171  14:14  Zergling x4  
  171  14:15  Zergling x20  
  143  14:35  Zergling x12  
  143  14:36  Zergling x2  
  132  14:40  Hydralisk  
  132  14:41  Hydralisk  
  125  14:58  Hatchery  
  116  15:01  Zergling x26  
  116  15:04  Zergling x2  
  124  15:21  Hydralisk  
  124  15:22  Hydralisk x9  
  144  15:29  Adrenal Glands  
  144  15:34  Ultralisk Cavern  
  143  15:44  Hydralisk x5  
  143  15:45  Hydralisk x2  
  143  15:47  Zergling x2  
  143  15:48  Zergling x2  
  159  15:56  Hatchery  
  108  16:19  Zergling x16  
  108  16:20  Zergling x12  
  109  16:27  Zergling x4  
  111  16:39  Drone x5  
  116  16:41  Zergling x4  
  116  16:42  Zergling x2  
  116  16:45  Zerg Ground Armor Level 3, Chitinous Plating  
  119  16:54  Extractor  
  118  17:02  Extractor  
  118  17:05  Ultralisk x2  
  118  17:07  Hydralisk  
  118  17:08  Hydralisk x3  
  136  17:19  Zergling x2  
  136  17:20  Zergling x16  
  123  17:40  Zergling x2  
  123  17:41  Zergling x30  
  136  17:56  Hydralisk  
  136  17:57  Hydralisk x6  
  148  18:04  Zergling x2  
  148  18:05  Zergling x8  
  153  18:09  Hydralisk x2  
  157  18:17  Hydralisk x3  
  160  18:26  Hydralisk x4  
  129  18:36  Ultralisk  
  129  18:39  Zergling x2  
  129  18:40  Zergling x6  
  114  18:51  Zergling x14  
  114  18:52  Zergling x2  
  122  19:10  Queen  
  122  19:15  Ultralisk, Hatchery  
  129  19:42  Zergling x2  
  129  19:43  Zergling x30  
  145  19:54  Ultralisk  
  145  19:56  Hydralisk  
  153  20:00  Zergling x6  
  156  20:08  Pathogen Glands  
  156  20:21  Hydralisk x7  
  156  20:25  Zergling x4  
  172  20:32  Drone x6  
  178  20:44  Hydralisk  
  178  20:45  Hydralisk x4  
  164  20:50  Zergling x2  
  164  20:51  Zergling x10  
  157  21:04  Zergling x8  
  157  21:05  Zergling x14  
  150  21:20  Zergling x26  
  150  21:21  Zergling x2  
  150  21:25  Hydralisk x2  
  144  21:42  Zergling x2  
  144  21:43  Zergling x28  
  144  21:44  Zergling x2  
Show
View Real Time Build Order
Export as new Build Order

Trollgar Protoss 

Build Orders:  

Get SALT Encoding   

  13  0:10  Probe (Chrono Boost)  
  14  0:21  Pylon, Probe (Chrono Boost)  
  14  0:32  Probe (Chrono Boost)  
  15  0:39  Gateway  
  15  0:42  Probe (Chrono Boost)  
  16  0:48  Assimilator  
  16  0:53  Probe (Chrono Boost)  
  17  1:03  Probe (Chrono Boost)  
  18  1:14  Probe (Chrono Boost)  
  19  1:24  Probe (Chrono Boost)  
  20  1:28  Cybernetics Core  
  20  1:35  Probe (Chrono Boost)  
  21  1:45  Nexus  
  21  2:01  Pylon, Probe (Chrono Boost)  
  22  2:05  Warp Gate (Chrono Boost), Assimilator  
  22  2:17  Probe (Chrono Boost)  
  22  2:19  Adept  
  25  2:38  Robotics Facility  
  25  2:40  Gateway  
  25  2:53  Probe  
  25  2:55  Probe  
  27  3:00  Sentry  
  27  3:05  Probe  
  30  3:07  Probe  
  31  3:17  Probe  
  31  3:18  Probe  
  33  3:29  Immortal, Probe  
  38  3:36  Gateway  
  38  3:38  Gateway, Probe  
  39  3:41  Probe  
  40  3:49  Probe  
  40  3:53  Probe  
  40  3:54  Pylon  
  42  4:00  Probe  
  42  4:02  Sentry  
  45  4:05  Probe  
  46  4:10  Pylon  
  46  4:13  Immortal  
  46  4:14  Probe  
  51  4:18  Probe  
  52  4:24  Probe  
  52  4:30  Probe  
  54  4:41  Assimilator  
  54  4:43  Assimilator  
  54  4:46  Stalker x4  
  62  5:01  Pylon  
  62  5:18  Pylon  
  62  5:19  Immortal, Probe  
  67  5:25  Probe  
  68  5:31  Probe  
  68  5:35  Probe  
  69  5:37  Twilight Council  
  69  5:40  Pylon  
  69  5:42  Nexus  
  70  5:44  Probe  
  70  5:45  Pylon  
  70  5:46  Pylon  
  71  6:03  Adept x3  
  71  6:04  Adept  
  79  6:07  Observer  
  80  6:14  Forge  
  80  6:15  Resonating Glaives (Chrono Boost)  
  80  6:17  Forge  
  80  6:20  Pylon  
  80  6:24  Pylon  
  80  6:29  Assimilator  
  80  6:31  Immortal  
  80  6:33  Assimilator, Probe  
  85  6:45  Probe  
  86  6:52  Probe  
  87  6:55  Probe  
  87  6:57  Probe  
  89  7:02  Protoss Ground Weapons Level 1 (Chrono Boost), Protoss Ground Armor Level 1 (Chrono Boost), Templar Archives  
  89  7:04  Probe  
  89  7:08  Immortal, Probe  
  90  7:10  Probe  
  96  7:16  Probe  
  96  7:20  Probe  
  96  7:22  Probe  
  99  7:28  Probe  
  100  7:33  Probe  
  101  7:45  Probe x2  
  101  7:46  Probe  
  99  7:57  Probe x2  
  99  7:58  Pylon, Probe  
  102  8:02  Pylon  
  102  8:04  High Templar x2  
  102  8:05  High Templar x2  
  108  8:08  Immortal  
  108  8:09  Probe  
  108  8:10  Archon x2, Probe x2  
  117  8:22  Gateway  
  117  8:23  Gateway  
  117  8:26  Gateway  
  117  8:29  Gateway  
  117  8:46  Protoss Ground Armor Level 2 (Chrono Boost), Photon Cannon  
  117  8:51  Pylon, Photon Cannon  
  117  8:52  Photon Cannon  
  117  8:57  Photon Cannon  
  117  8:58  High Templar x4  
  117  9:00  Protoss Ground Weapons Level 2 (Chrono Boost)  
  117  9:02  Immortal  
  125  9:04  Blink (Chrono Boost)  
  129  9:13  Probe x3  
  132  9:23  Archon  
  132  9:24  Archon  
  126  9:50  Nexus  
  126  9:51  Pylon  
  116  9:55  Pylon  
  116  9:56  Immortal  
  116  10:01  Psionic Storm  
  120  10:08  Adept  
  120  10:09  Adept x4  
  120  10:10  Adept x3  
  136  10:25  Photon Cannon  
  136  10:26  Photon Cannon  
  136  10:28  Photon Cannon  
  128  10:29  Photon Cannon  
  120  10:45  High Templar  
  120  10:46  High Templar x6  
  120  10:47  High Templar  
  120  10:49  Protoss Ground Armor Level 3  
  134  10:58  Archon x4  
  134  11:00  Probe  
  134  11:01  Probe  
  134  11:02  Probe x2  
  133  11:31  Adept x3  
  133  11:32  Adept x5  
  149  11:53  Assimilator  
  145  11:57  Assimilator  
  129  12:14  Stalker x3  
  129  12:15  Immortal, Stalker x2  
  135  12:16  Stalker x2  
  135  12:17  Stalker  
  121  12:55  Photon Cannon  
  121  12:56  Photon Cannon  
  121  12:58  Photon Cannon  
  121  13:00  Zealot x2  
  121  13:01  Zealot x5, Immortal  
  121  13:02  Zealot  
  121  13:05  Charge (Chrono Boost)  
  141  13:21  Protoss Shields Level 1  
  141  13:28  High Templar x4  
  141  13:29  High Templar x4  
  141  13:32  Archon x2  
  141  13:33  Archon x2  
  157  13:38  Protoss Ground Weapons Level 3  
  157  13:51  Immortal  
  157  14:26  Zealot x6  
  157  14:27  Zealot x2  
  123  14:41  Immortal  
  91  14:51  Robotics Bay  
  95  14:53  Nexus  
  95  14:55  Zealot x3  
  95  14:56  Zealot x2  
  95  15:05  High Templar x3  
  99  15:15  Immortal  
  99  15:22  High Templar x2  
  99  15:23  High Templar  
  103  15:31  Protoss Shields Level 2, Pylon  
  103  15:35  Pylon  
  103  15:38  Stalker x2  
  103  15:39  Stalker x2  
  103  15:42  Stalker  
  113  15:46  Extended Thermal Lance (Chrono Boost)  
  113  15:49  Immortal  
  89  16:33  Assimilator  
  89  16:35  Assimilator  
  89  16:39  Colossus  
  95  16:57  Zealot x7  
  95  16:58  Zealot  
  111  17:22  Zealot x5  
  103  17:23  Zealot x3  
  103  17:26  Colossus  
  89  17:44  Zealot x6  
  82  17:45  Zealot x2  
  92  18:02  Robotics Facility  
  92  18:13  Adept, Colossus  
  92  18:14  Adept x7  
  106  18:38  Zealot x2  
  106  18:39  Zealot x5  
  106  18:40  Zealot  
  90  18:58  Nexus  
  90  18:59  Colossus x2  
  102  19:19  Pylon  
  102  19:20  Pylon  
  102  19:22  Adept x3  
  102  19:23  Adept x5  
  118  19:41  Photon Cannon  
  118  19:43  Photon Cannon  
  118  19:44  Pylon, Photon Cannon  
  118  19:46  Photon Cannon  
  118  19:47  Photon Cannon  
  118  19:49  Photon Cannon  
  118  19:51  Photon Cannon  
  118  19:53  Immortal, Photon Cannon  
  118  19:56  Photon Cannon  
  118  19:59  Immortal  
  126  20:00  Photon Cannon  
  126  20:06  Zealot  
  128  20:07  Zealot x4  
  128  20:08  Zealot x3  
  142  20:30  Adept x5  
  142  20:31  Adept x3  
  142  20:32  Immortal  
  158  20:38  Immortal  
  166  20:43  Gateway  
  166  20:45  Gateway  
  166  20:49  Gateway  
  146  20:51  Gateway  
  146  20:56  Gateway  
  146  20:58  Gateway  
  130  21:12  Immortal  
  130  21:17  Immortal  
  112  21:18  Zealot x2  
  112  21:19  Zealot x4  
  112  21:20  Zealot  
  100  21:39  Zealot x5  
  100  21:40  Zealot x2  
  100  21:43  Sentry  
  69  22:03  High Templar x2  
  69  22:04  High Templar x3  
  69  22:05  High Templar x2  
  81  22:12  Archon  
Tags
 
Matchup
PvZ
Replay Pack
Pack 1
Spawn Locations
Cross Positions
Add a new tag
Caveats
  • Supply blocks, unpowered buildings, or Contaminate may cause inaccurate times.
  • Supply counts are checked every 10 seconds.